 Dungeon Crawl Stone Soup version 0.18-a0-337-g1235303 (webtiles) character file.

83 FishmanTm the Changer (level 4, -2/35 HPs)
             Began as a Merfolk Transmuter on Nov 29, 2015.
             Slain by an orc
             ... wielding a +0 flail
              (10 damage)
             ... on level 3 of the Dungeon.
             The game lasted 00:07:10 (2462 turns).

FishmanTm the Changer (Merfolk Transmuter)          Turns: 2462, Time: 00:07:10

Health: -2/35      AC:  2    Str: 11    XL:     4   Next: 44%
Magic:  5/7        EV: 21    Int: 12    God:
Gold:   139        SH:  0    Dex: 19    Spells: 3 memorised, 1 level left

rFire  + . .     SeeInvis .       - Unarmed
rCold  . . .     Clarity  .     (armour currently unavailable)
rNeg   . . .     SustAt   .     (shield currently unavailable)
rPois  x         Gourm    .     (helmet currently unavailable)
rElec  .         Spirit   .     (cloak currently unavailable)
rCorr  .         Warding  .     (gloves currently unavailable)
rMut   .         Stasis   .     (boots currently unavailable)
MR     .....                    (no amulet)
Stlth  ++........               p - ring of protection from fire
                                (no ring)

@: spider-form, flying, very slightly contaminated, not resistant to hostile
enchantments, unstealthy
A: (change form in water), (swift swim)
a: End Transformation


You were on level 3 of the Dungeon.
You were not hungry.
You were a venomous arachnid creature.
You visited 1 branch of the dungeon, and saw 3 of its levels.

You collected 139 gold pieces.

Inventory:

Missiles
 a - 9 arrows
Armour
 b - a +0 robe (melded)
Jewellery
 p - a ring of protection from fire (right front leg)
Scrolls
 m - a scroll of immolation {unknown}
 n - a scroll of random uselessness {unknown}
 o - a scroll of remove curse
Potions
 f - a potion of might {unknown}
 i - a potion of flight
 k - a potion of cancellation {unknown}
 l - a potion of agility {unknown}
 q - 2 potions of curing {unknown}
 r - a potion of ambrosia {unknown}
Books
 c - a book of Changes

   Spells                             Type                      Level
   a - Beastly Appendage              Transmutation                1
   b - Sticks to Snakes               Transmutation                2
   c - Spider Form                    Transmutation/Poison         3
   d - Ice Form                       Ice/Transmutation            4
   e - Blade Hands                    Transmutation                5
Comestibles
 d - 3 bread rations
 g - 6 chunks of flesh
 j - a meat ration


   Skills:
 - Level 3.0 Fighting
 - Level 2.6 Dodging
 - Level 3.2 Unarmed Combat
 - Level 2.0 Spellcasting
 + Level 4.9 Transmutations


You had one spell level left.
You knew the following spells:

 Your Spells              Type           Power        Failure   Level  Hunger
a - Beastly Appendage     Trmt           ##....       14%         1    ##.....
b - Sticks to Snakes      Trmt           ##......     21%         2    ###....
c - Spider Form           Trmt/Pois      #.........   56%         3    ####...


Dungeon Overview and Level Annotations

Branches:
Dungeon (3/15)

Altars:
Vehumet


Message History

Drink which item? (? for menu, Esc to quit)
Magic courses through your body. The hobgoblin closely misses you.
Unknown command.
Unknown command.
Casting: Sticks to Snakes
Confirm with . or Enter, or press ? or * to list all spells.
You turn into a venomous arachnid creature.
Your +0 robe melds into your body.
The hobgoblin misses you.
Unknown command.
You completely miss the hobgoblin. The hobgoblin misses you.
Unknown command.
You hit the kobold but do no damage.
The kobold is poisoned.
The kobold zaps a wand.
The magic dart hits you! The hobgoblin misses you.
Unknown command.
You closely miss the kobold.
The kobold is severely wounded.
The kobold zaps a wand.
The magic dart hits you!
* * * LOW HITPOINT WARNING * * *
The hobgoblin completely misses you. The orc hits you with a flail!
You die...

.#....(# .#.....#
.#...[.# ###########
<......# ..........#
.......# .........[#
#.#K...##..........#
#.#>....#..........#
#.#...........[K...#
#.#..K.#...%..lgs..#
#.##...........o...#
...>.#._.#!(....(..#
#.##...?...#########
#.##...#?..#
#..o....# ## .##.##


You could see an orc, a giant gecko, a hobgoblin and a kobold.

Vanquished Creatures
  2 adders (D:2)
  An ooze (D:2)
  2 worms
  4 giant geckos
  2 giant cockroaches (D:1)
  10 goblins
  6 hobgoblins
  6 kobolds
  A quokka (D:2)
  3 ball pythons
  10 bats
  7 rats
54 creatures vanquished.

Notes
Turn   | Place    | Note
--------------------------------------------------------------
     0 | D:1      | FishmanTm the Merfolk Transmuter began the quest for the Orb.
     0 | D:1      | Reached XP level 1. HP: 15/15 MP: 3/3
   272 | D:1      | Reached XP level 2. HP: 22/22 MP: 3/5
   276 | D:1      | Learned a level 2 spell: Sticks to Snakes
   680 | D:1      | Reached XP level 3. HP: 27/29 MP: 4/6
  1175 | D:2      | Learned a level 3 spell: Spider Form
  1230 | D:2      | Reached skill level 4 in Transmutations
  1363 | D:2      | Reached XP level 4. HP: 32/35 MP: 3/7
  2073 | D:3      | Found a radiant altar of Vehumet.
  2462 | D:3      | Slain by an orc

Vault maps used:
D:1:      wheals_arrival_linesprint
D:2:      supply_closet_lemuel
D:3:      lemuel_round_altar, first_bread, vehumet_altar_wand_db

Action                   |  1- 3 |  4- 6 || total
-------------------------+-------+-------++-------
Melee: Unarmed           |    99 |    51 ||   150
 Cast: Beastly Appendage |    24 |     3 ||    27
       Sticks to Snakes  |     2 |     1 ||     3
       Spider Form       |     4 |     7 ||    11
 Abil: End Transformatio |       |     1 ||     1
  Use: Scroll            |       |     3 ||     3
       Potion            |       |     2 ||     2
 Stab: Sleeping          |       |     1 ||     1
  Eat: Chunk             |     3 |     2 ||     5
       Bread ration      |       |     1 ||     1
